Unix NetHack Version 5.0.0-0 post-release - last build Jun 10 2026 00:39:30 (3ee93aec679c4c4259841fe613dc97188e26a321,branch:main).

Game began 2026-07-08 17:23:27, ended 2026-07-08 17:35:26.

A4Paper, chaotic female elven Wizard

                           --------
                           |.......#           -------
           ----------  ####....^..|#           |.....|     ----------
           |........|###   -----|--[           +.....|     |........|
           |.........#          #####          |.....|     |....<...-#
          #.........|              ####        |.....|    #.........|#
          #|........|              #  #### #   -----|-    #|........|#
          #----------              #     ############  ####----------#
          ###                      #     #       ####  #             #
            #                      #     #         ### #             #
            ##                     #    ##     ----|-.-#           ###
     --------# #####*###############%######0   .......|#           #-----
     |......|# #                  #-----#      |f.....|#           #-$.?|
     |>.....|###                  #....|[   ###.@.....-#            |..?|
     |.......#   $                 |...|#   #  |>.....|             |..?|
     --------  $      $            |....##)##  --------             |...|
                                   |_..|                       $    |...|
                                   |%(.|                            -----
     $     $                       -----                $

A4Paper the Conjurer      St:12 Dx:14 Co:9 In:19 Wi:10 Ch:11  Chaotic S:783
Dlvl:2  $:331 HP:32(32) Pw:18(53) AC:8  Xp:4/88 T:2093  Weak    

Latest messages:
 Nothing happens.
 What do you want to drop? [$a-fhj-svwyA-DFJ or ?*]
 You drop a yellow mold corpse.
 You fail to cast the spell correctly.
 You fail to cast the spell correctly.
 B - an uncursed scroll of gold detection.
 What do you want to read? [hj-lrvwyA-DF or ?*]
 As you read the scroll, it disappears.
 You feel very greedy, and sense gold!
 (For instructions type a '?')
 Move cursor to gold:
 You stop searching.
 You destroy the kobold zombie!
 You see here a rusty crude dagger.
 You swap places with Bluey.
 You are beginning to feel hungry.
 You stop searching.
 You swap places with Bluey.
 You see here a rusty crude dagger.
 There are several objects here.
 You destroy the kobold zombie!
 You see here a kobold corpse.
 You see here an iron skull cap.
 The newt bites!
 You begin praying to Anhur.
 You are surrounded by a shimmering light.
 The newt starts to attack you, but pulls back.
 The newt starts to attack you, but pulls back.
 You finish your prayer.
 You feel that Anhur is well-pleased.
 You kill the newt!
 You swap places with Bluey.
 You swap places with Bluey.
 You see here a rusty crude dagger.
 You hear someone cursing shoplifters.
 You stop searching.
 Bluey misses the gecko.
 You kill the gecko!
 Bluey eats a gecko corpse.
 You swap places with Bluey.
 You swap places with Bluey.
 Wizard needs food, badly!
 You stop searching.
 You attack thin air.
 You begin praying to Anhur.
 You finish your prayer.
 You feel that Anhur is displeased.
 #
 Really quit without saving? [yn] (n)
 Do you want your possessions identified? [ynq] (y)

Inventory:
 Coins    ('$')
  $ - 331 gold pieces
 Weapons  (')')
  a - a blessed +1 quarterstaff (weapon in hands)
 Armor    ('[')
  q - an uncursed +0 pair of kicking boots (being worn)
  b - an uncursed +0 cloak of magic resistance (being worn)
 Scrolls  ('?')
  j - an uncursed scroll of confuse monster
  r - an uncursed scroll of enchant weapon
  C - an uncursed scroll of fire
  y - an uncursed scroll of food detection
  D - an uncursed scroll of remove curse
  h - a blessed scroll of teleportation
  A - an uncursed scroll of teleportation
 Spellbooks  ('+')
  F - an uncursed novel named Thief of Time
  k - a blessed spellbook of force bolt
  w - an uncursed spellbook of force bolt
  l - an uncursed spellbook of identify
  v - an uncursed spellbook of teleport away
 Potions  ('!')
  p - an uncursed potion of enlightenment
  f - 2 uncursed potions of extra healing
 Rings    ('=')
  d - an uncursed +1 ring of adornment
  e - an uncursed ring of shock resistance
 Wands    ('/')
  o - a wand of cold (0:3)
  c - a wand of make invisible (0:8)
 Tools    ('(')
  n - an uncursed leather drum
  m - a magic marker (0:19)
 Gems/Stones  ('*')
  s - an uncursed garnet stone

A4Paper the Wizard's attributes:

Background:
 You were a Conjurer, a level 4 female elven Wizard.
 You were chaotic, on a mission for Anhur
 who was opposed by Ptah (lawful) and Thoth (neutral).
 You were right-handed.
 You were in the Dungeons of Doom, on level 2.
 You entered the dungeon 2093 turns ago.
 You had 88 experience points, 72 more were needed to attain level 5.
 Your score was 783 before end-of-game adjustments.

Basics:
 You had all 32 hit points.
 You had 18 out of 53 energy points (spell power).
 Your armor class was 8.
 Your wallet contained 331 zorkmids.
 Autopickup was off.

Final Characteristics:
 Your strength was 12 (base:13, limit:18).
 Your dexterity was 14 (limit:18).
 Your constitution was 9 (limit:16).
 Your intelligence was 19 (limit:20).
 Your wisdom was 10 (limit:20).
 Your charisma was 11 (limit:18).

Final Status:
 You were weak from severe hunger.
 You were unencumbered.
 You were wielding a quarterstaff.
 You had basic skill with quarterstaff.

Final Attributes:
 You were piously aligned.
 You were magic-protected.
 You were sleep resistant.
 You had infravision.
 You were warded.
 You were unlucky.
 Anhur was angry with you.
 You survived.

Miscellaneous:
 You didn't encounter any bones levels.
 Total elapsed playing time was 11 minutes and 59 seconds.

Major events:
 Turn
    1: A4Paper the chaotic female elven Wizard entered the dungeon
 1029: read a Discworld novel
 1029: attained the rank of Conjurer (level 3)
 2093: quit

Spells:
 Name                 Level Category     Fail Retention
 force bolt             1   attack         0%   81%-90%
 identify               3   divination    76%  76%-100%
 teleport away          6   escape       100%  76%-100%

Skills:
 Fighting Skills
   bare handed combat [Unskilled]
   riding             [Unskilled]
 Weapon Skills
   dagger             [Unskilled]
   knife              [Unskilled]
   axe                [Unskilled]
   short sword        [Unskilled]
   club               [Unskilled]
   mace               [Unskilled]
   quarterstaff       [Basic]
   polearms           [Unskilled]
   spear              [Unskilled]
   trident            [Unskilled]
   sling              [Unskilled]
   dart               [Unskilled]
   shuriken           [Unskilled]
 Spellcasting Skills
   attack spells      [Basic]
   healing spells     [Unskilled]
   divination spells  [Unskilled]
   enchantment spells [Basic]
   clerical spells    [Unskilled]
   escape spells      [Unskilled]
   matter spells      [Unskilled]

Voluntary challenges:
 Character rerolling was not enabled.
 You never genocided any monsters.
 You never polymorphed an object.
 You never changed form.
 You used no wishes.
Achievements:
 You entered a shop.
 You read from a Discworld novel.
 You attained the rank of Conjurer.

 The Dungeons of Doom: levels 1 to 3
    Level 1:
    Level 2: <- You were here.
       A scroll shop, an altar to Anhur.
    Level 3:


Vanquished creatures:
 an iguana
  a gas spore
  a large kobold
  a brown mold
  a yellow mold
  3 geckos
  5 jackals
  a kobold
  4 goblins
  3 sewer rats
  6 grid bugs
  a lichen
  3 kobold zombies
  5 newts
36 creatures vanquished.

No species were genocided or became extinct.

Goodbye A4Paper the Wizard...

You quit in The Dungeons of Doom on dungeon level 2 with 783 points,
and 331 pieces of gold, after 2093 moves.
You were level 4 with a maximum of 32 hit points when you quit.

